 Dungeon Crawl Stone Soup version 0.28-a0-265-g048bc9fd10 (webtiles) character file.

Game seed: 16557391631541692542

109 Shayle the Insei (level 5, 0/40 HPs)
             Began as a Djinni Warper on Aug 28, 2021.
             Was an Initiate of Makhleb.
             Slain by a howler monkey (5 damage)
             ... on level 4 of the Dungeon.
             The game lasted 00:07:55 (3194 turns).

Shayle the Insei (Djinni Warper)                    Turns: 3194, Time: 00:07:56

Health: 0/40       AC:  4    Str: 10    XL:     5   Next: 13%
Gold:   643        EV: 11    Int: 16    God:    Makhleb [......] SH:  0 Dex: 12

rFire   + + .      SeeInvis .     - Unarmed
rCold   x . .      Faith    .   (no shield)
rNeg    . . .      Spirit   .   a - +0 leather armour
rPois   ∞          Reflect  .   e - +0 helmet
rElec   .          Harm     .   (no cloak)
rCorr   .          Rampage  .   (no gloves)
Will    .....                   (boots unavailable)
Stlth   +.........              (no amulet)
HPRegen 0.13/turn               (no ring)
MPRegen 0.00/turn               (no ring)

@: flying
A: sickness immunity, fire resistance 2, cold vulnerability 1, float, innate
caster, hp casting, extra vitality 1
a: Renounce Religion


You were on level 4 of the Dungeon.
You worshipped Makhleb.
Makhleb was noncommittal.
You visited 2 branches of the dungeon, and saw 5 of its levels.

You collected 653 gold pieces.
You spent 10 gold pieces at shops.

Inventory:

Missiles
 c - 5 boomerangs of dispersal (quivered)
Armour
 a - a +0 leather armour (worn)
 e - a +0 helmet (worn)
Scrolls
 b - a scroll of blinking
 d - a scroll of amnesia
 g - a scroll of noise
Potions
 f - a potion of cancellation
 i - a potion of heal wounds {unknown}
 j - a potion of curing {unknown}


   Skills:
 + Level 3.5 Fighting
 - Level 0.7 Throwing
 - Level 1.0 Armour
 - Level 2.1 Dodging
 + Level 3.5 Unarmed Combat
 - Level 2.4 Spellcasting
 + Level 1.2 Invocations


You couldn't memorise any spells.
You knew the following spells:

 Your Spells              Type           Power      Damage    Failure   Level
a - Blink                 Tloc           N/A        N/A       16%         2
b - Lesser Beckoning      Tloc           4%         N/A       30%         3
c - Gell's Gravitas       Tloc           4%         N/A       30%         3
d - Teleport Other        Tloc           9%         N/A       30%         3
e - Manifold Assault      Tloc           9%         N/A       95%         5
f - Pain                  Necr           36%        1d5       10%         1
g - Poisonous Vapours     Pois/Air       18%        N/A       16%         2
Your spell library was empty.

Dungeon Overview and Level Annotations

Branches:
Dungeon (4/15)             Temple (1/1) D:4

Altars:
Ashenzari
Cheibriados
Elyvilon
Fedhas
Gozag
Kikubaaqudgha
Makhleb
Nemelex Xobeh
Okawaru
Ru
Sif Muna
Uskayaw
Vehumet
Wu Jian
Xom

Shops:
D:1 !


Innate Abilities, Weirdness & Mutations

You are immune to sickness and miasma.
You are immune to poison.
Your flesh is very heat resistant. (rF++)
You are vulnerable to cold. (rC-)
You float through the air rather than walking.
You learn spells naturally, not from books.
Your magical power is your life essence.
You have superior vitality. (+4 HP)


Message History

You barely miss the adder. The adder bites you.
You hit the adder.
The adder is severely wounded.
The adder bites you but does no damage.
You hit the adder.
The adder is severely wounded.
The adder closely misses you.
You miss the adder.
The adder is severely wounded.
The adder misses you. The adder barely misses you.
The howler monkey hoots and howls with incredible vigour!
You hit the adder but do no damage.
The adder is almost dead.
The adder bites you.
The howler monkey hoots and howls with incredible vigour!
You hit the adder.
The adder is almost dead.
You kill the adder!
Makhleb accepts your kill.
Casting: Poisonous Vapours (safe; 16% risk of failure)
Confirm with . or Enter, or press ? or * to list all spells.
Aiming: Poisonous Vapours (safe; 16% risk of failure)
Press: ? - help, Dir - move target, f - howler monkey
Aim: a howler monkey (moderately wounded, catching its breath)
You miscast Poisonous Vapours.
You are very lightly contaminated with residual magic.
Nothing appears to happen.
* * * LOW HITPOINT WARNING * * *
The howler monkey hits you.
* * * LOW HITPOINT WARNING * * *
You closely miss the howler monkey.
The howler monkey is moderately wounded.
The howler monkey hits you.
* * * LOW HITPOINT WARNING * * *
Unknown command.
Okay, then.
It was a potion of cancellation.
You feel magically purged.
Your magical contamination has completely faded away.
The howler monkey hits you.
You die...

#§# #..... #§# #
#.....
##.##############.#.#
##....
#...................#
#....
#############''######
##### #≈≈..≈≈#
#≈#..#≈# ...h...#
#≈.##.≈# ......#
#§@##.≈# .....####
#≈#h.#≈# .......
#≈§g.≈≈# ..(..
###''### g.. #...#
#.#######.###
#.####.#..g....#
#.............##
#.............#


You could see a howler monkey and a hobgoblin.

Vanquished Creatures
  A bullfrog skeleton (D:4)
  3 adders
  An ufetubus (D:4)
  An adder skeleton (D:4)
  2 worms
  2 orcs
  9 endoplasms
  A giant cockroach (D:2)
  A goblin (D:1)
  5 hobgoblins (D:1)
  A quokka (D:4)
  A ball python (Temple)
  3 bats
  2 frilled lizards
  3 kobolds (D:1)
  3 rats
39 creatures vanquished.

Notes
Turn   | Place    | Note
-------+----------+-------------------------------------------
     0 | D:1      | Shayle the Djinni Warper began the quest for the Orb.
     0 | D:1      | Reached XP level 1. HP: 18/18 MP: 0/0
   176 | D:1      | Found a faded altar of an unknown god.
   274 | D:1      | Found Qoecykh's Distillery.
   289 | D:1      | Bought a potion of degeneration for 10 gold pieces
   447 | D:1      | Reached XP level 2. HP: 22/23 MP: 0/0
  1083 | D:1      | Reached XP level 3. HP: 11/29 MP: 0/0
  1083 | D:1      | Learned a level 1 spell: Pain
  1839 | D:2      | Noticed a scorpion
  2466 | D:4      | Found a staircase to the Ecumenical Temple.
  2473 | Temple   | Entered the Ecumenical Temple
  2483 | Temple   | Became a worshipper of Makhleb the Destroyer
  2546 | Temple   | Identified a scroll of acquirement
  2547 | Temple   | Acquired 589 gold pieces
  2576 | D:4      | Reached XP level 4. HP: 28/35 MP: 0/0
  2943 | D:4      | Reached skill level 1 in Invocations
  3185 | D:4      | Reached XP level 5. HP: 22/40 MP: 0/0
  3185 | D:4      | Learned a level 2 spell: Poisonous Vapours
  3194 | D:4      | Slain by a howler monkey

Illustrated notes

Levels and vault maps discovered:
D:1:      minmay_arrival_four_loops, layout_basic, serial_shops, shop,
          dilly_ecumenical_altar_fadedgnrine, serial_bayou, serial_bayou_ford_a,
          serial_bayou_shore_b, serial_bayou_pond_b, serial_bayou_shore_b
D:2:      layout_basic
D:3:      layout_basic, minmay_misc_feat_tiny, serial_park_tiny_1
D:4:      layout_basic, bloody_trog, minmay_temple_entry_trees,
          kennysheep_generic_room_15, uniq_ijyb
Temple:   minmay_freezing_vapour_temple

Skill      XL: |  1  2  3  4 |
---------------+-------------+-----
Fighting       | 3 |  3.5
Unarmed Combat | 3 |  3.5
Invocations    | 1 |  1.2
Throwing       | |  0.7
Armour         | |  1.0
Dodging        | |  2.1
Spellcasting   | |  2.4

Action                   |  1- 3 |  4- 6 || total
-------------------------+-------+-------++-------
Melee: Unarmed           |   150 |    54 ||   204
       Punch             |     1 |     1 ||     2
 Cast: Blink             |     1 |       ||     1
       Poisonous Vapours |       |     1 ||     1
  Use: Scroll            |     4 |     2 ||     6
       Potion            |       |     1 ||     1
Armor: Leather armour    |    40 |    18 ||    58
Dodge: Dodged            |    90 |    37 ||   127

Table legend: (Time is in decaauts)
 A = Elapsed time spent in this place.
 B = Non-inter-level travel time spent in this place.
 C = Inter-level travel time spent in this place.
 D = Time resting spent in this place.
 E = Time spent auto-exploring this place.
 F = Levels seen in this place.
 G = Mean time per level.
                   A        B        C        D        E       F      G
               +--------+--------+--------+--------+--------+-----+--------+
         Total |   3184 |   3168 |     16 |    666 |   1828 |   5 |  636.8 |
       Dungeon |   3104 |   3088 |     16 |    609 |   1828 |   4 |  776.0 |
        Temple |     79 |     79 |      0 |     57 |      0 |   1 |   79.0 |
               +--------+--------+--------+--------+--------+-----+--------+

Top non-repeatable levels by time:
     D:1: 1412 daAuts
     D:4: 654 daAuts
     D:2: 540 daAuts
     D:3: 497 daAuts
  Temple: 79 daAuts
